 Dungeon Crawl Stone Soup version 0.17.0-57-g0e89251 (webtiles) character file.

1131 PossumBlood the Chopper (level 8, -7/63 HPs)
             Began as a Formicid Fighter on Dec 7, 2015.
             Mangled by an orc warrior
             ... wielding a +0 short sword
              (16 damage)
             ... on level 6 of the Dungeon.
             The game lasted 00:10:47 (5002 turns).

PossumBlood the Chopper (Formicid Fighter)          Turns: 5002, Time: 00:10:47

Health: -7/63      AC: 13    Str: 22    XL:     8   Next: 62%
Magic:  8/8        EV:  5    Int:  9    God:
Gold:   365        SH: 11    Dex: 10    Spells: 0 memorised, 7 levels left

rFire  . . .     SeeInvis +     a - +0 war axe
rCold  . . .     Clarity  +     n - +0 plate armour
rNeg   . . .     SustAt   .     c - +1 shield
rPois  .         Gourm    .     (helmet unavailable)
rElec  .         Spirit   .     o - +0 cloak
rCorr  .         Warding  .     (no gloves)
rMut   .         Stasis   +     (no boots)
MR     .....                    g - amulet of clarity
Stlth  ..........               (no ring)
                                (no ring)

@: not resistant to hostile enchantments, extremely unstealthy
A: permanent stasis, dig shafts and tunnels, four strong arms, antennae 3
a: Dig, Shaft Self


You were on level 6 of the Dungeon.
You were not hungry.

You visited 2 branches of the dungeon, and saw 7 of its levels.

You collected 365 gold pieces.

Inventory:

Hand Weapons
 a - a +0 war axe (weapon)
Armour
 c - a +1 shield (worn)
 n - a +0 plate armour (worn)
 o - a +0 cloak (worn)
 t - a cursed +0 ring mail
Jewellery
 g - an amulet of clarity (around neck)
Wands
 v - a wand of fireball (5)
 y - a wand of fire (7)
Scrolls
 b - 3 scrolls of identify
 f - 5 scrolls of remove curse
 p - 3 scrolls of amnesia
 q - a scroll of recharging
 z - a scroll of fear
Potions
 d - 2 potions of might
 e - a potion of heal wounds {unknown}
 i - 2 potions of lignification {unknown}
 j - 3 potions of haste {unknown}
 m - a potion of invisibility {unknown}
 r - a potion of brilliance {unknown}
 s - a potion of cancellation {unknown}
 u - 2 potions of ambrosia {unknown}
 x - 2 potions of resistance {unknown}
Comestibles
 k - 2 bread rations
 l - a meat ration
 w - 2 fruits


   Skills:
 + Level 5.5 Fighting
 * Level 6.5 Axes
 + Level 5.8 Armour
 + Level 6.2 Shields


You had 7 spell levels left.
You didn't know any spells.

Dungeon Overview and Level Annotations

Branches:
Dungeon (6/15)             Temple (1/1) D:5

Altars:
Cheibriados
Dithmenos
Elyvilon
Fedhas
Gozag
Makhleb
Qazlal
Ru
Trog
Vehumet
Xom
Zin
The Shining One


Innate Abilities, Weirdness & Mutations

You are under a permanent stasis effect.
You can dig through walls and to a lower floor.
Your four strong arms can wield two-handed weapons with a shield.
You have a pair of large antennae on your head (SInv).


Message History

The orc priest is severely wounded.
You slash the orc warrior!
The orc warrior is severely wounded.
The orc priest mumbles some strange prayers to Beogh against you.
Pain shoots through your body!
* * * LOW HITPOINT WARNING * * *
You block the orc warrior's attack.
You slash the orc priest!
You kill the orc priest!
You slash the orc warrior!
The orc warrior is almost dead.
You block the orc warrior's attack.
You barely miss the orc warrior.
The orc warrior is almost dead.
The orc warrior hits you with a short sword.
* * * LOW HITPOINT WARNING * * *
You closely miss the orc warrior.
The orc warrior is almost dead.
The orc warrior hits you with a short sword!
You die...

#..............#.......
#..............#.......
#..............#.......
#..............#.......
#..............#.......
#..............#.......
#............. #......#
#.....))...... #......#
#.....@o...... #.......
#.....))...... #.......
#.........?... #......#
#............. #......#
#...>......... #......#
#............. #......#
#............. #......#
#............. #......#
########


You could see an orc warrior.

Vanquished Creatures
  Sigmund (D:3)
  Eustachio (D:6)
  An orc warrior (D:6)
  A sky beast (D:4)
  An ice beast (D:3)
  2 scorpions (D:4)
  A hound (D:4)
  An orc priest (D:6)
  A jelly (D:6)
  An orc wizard (D:6)
  A giant frog skeleton (D:4)
  5 worker ants
  A hound skeleton (D:4)
  Robin (D:3)
  5 adders
  2 oozes
  An adder skeleton (D:6)
  3 worms
  4 giant geckos
  6 orcs
  12 bats
  6 giant cockroaches
  17 goblins
  12 hobgoblins
  10 jackals
  3 kobolds
  A quokka (D:2)
  A ball python (D:1)
  A giant gecko skeleton (D:4)
  6 giant newts
  A quokka zombie (D:5)
  4 rats
114 creatures vanquished.

Notes
Turn   | Place    | Note
--------------------------------------------------------------
     0 | D:1      | PossumBlood the Formicid Fighter began the quest for the Orb.
     0 | D:1      | Reached XP level 1. HP: 18/18 MP: 1/1
    32 | D:1      | Reached XP level 2. HP: 21/24 MP: 2/2
    50 | D:1      | Reached XP level 3. HP: 26/29 MP: 3/3
   183 | D:1      | Reached skill level 4 in Shields
   402 | D:1      | Found a snail-covered altar of Cheibriados.
   583 | D:2      | Reached XP level 4. HP: 32/37 MP: 4/4
   715 | D:2      | Found a white marble altar of Elyvilon.
  1006 | D:2      | Reached XP level 5. HP: 14/42 MP: 5/5
  1465 | D:3      | Noticed Robin
  1475 | D:3      | Killed Robin
  1739 | D:3      | Noticed an ice beast
  1750 | D:3      | Killed an ice beast
  1750 | D:3      | Reached XP level 6. HP: 21/48 MP: 6/6
  2093 | D:3      | Noticed Sigmund
  2109 | D:3      | Killed Sigmund
  2109 | D:3      | Reached skill level 5 in Shields
  2109 | D:3      | Reached XP level 7. HP: 39/55 MP: 7/7
  2636 | D:4      | Reached skill level 5 in Axes
  2943 | D:4      | Reached skill level 5 in Armour
  3430 | D:4      | Found a burning altar of Makhleb.
  3560 | D:4      | Reached skill level 5 in Fighting
  3560 | D:4      | Reached XP level 8. HP: 58/62 MP: 8/8
  3724 | D:5      | Entered Level 5 of the Dungeon
  3854 | D:5      | Found a staircase to the Ecumenical Temple.
  3862 | Temple   | Entered the Ecumenical Temple
  4483 | D:6      | Noticed Eustachio
  4496 | D:6      | Killed Eustachio
  4496 | D:6      | Reached skill level 6 in Axes
  5002 | D:6      | Mangled by an orc warrior

Action                   |  1- 3 |  4- 6 |  7- 9 || total
-------------------------+-------+-------+-------++-------
Melee: War axe           |    82 |   149 |   158 ||   389
  Use: Scroll            |     4 |     1 |     7 ||    12
       Potion            |       |       |     5 ||     5
  Eat: Bread ration      |       |     1 |     2 ||     3
